 Dungeon Crawl Stone Soup version 0.30.1-11-g7821555f0a (webtiles) character file.

Game seed: 10418216826587555396

49 Peloso the Covered (level 3, -4/42 (49) HPs)
             Began as a Minotaur Fighter on Nov 8, 2023.
             Slain by a goblin
             ... wielding a +0 club
             ... led by Robin
              (5 damage)
             ... on level 2 of the Dungeon.
             The game lasted 00:02:20 (1274 turns).

Peloso the Covered (Minotaur Fighter)               Turns: 1274, Time: 00:02:21

HP:   -4/42 (49)    AC:  9    Str: 20    XL:     3   Next: 51%
MP:   2/2           EV:  8    Int:  5    God:
Gold: 95            SH:  4    Dex: 11    Spells: 2/2 levels left

rFire   . . .        a - +0 long sword
rCold   . . .        d - +0 buckler
rNeg    . . .        c - +0 chain mail
rPois   .            (helmet restricted)
rElec   .            (no cloak)
rCorr   .            (no gloves)
SInv    .            (no boots)
Will    .....        (no amulet) Stlth
                     (no ring)
HPRegen 0.27/turn    (no ring)
MPRegen 0.08/turn

%: no passive effects
@: berserking, heavily drained, very quick
A: horns 2, retaliatory headbutt
a: no special abilities


You were on level 2 of the Dungeon.
You visited 1 branch of the dungeon, and saw 3 of its levels.

You collected 95 gold pieces.

Inventory:

Hand Weapons
 a - a +0 long sword (weapon)
Armour
 b - a +0 scale mail
 c - a +0 chain mail (worn)
 d - a +0 buckler (worn)
Scrolls
 e - a scroll of teleportation {unknown}
 f - a scroll of enchant armour {unknown}
 i - a scroll of poison {unknown}
 j - a scroll of immolation {unknown}
 m - a scroll of blinking {unknown}
 n - 3 scrolls of fog {unknown}
Potions
 g - 2 potions of might
 k - a potion of degeneration {unknown}
 l - a potion of mutation {unknown}


   Skills:
 + Level 4.1 Fighting
 + Level 3.1 Long Blades
 + Level 4.2 Armour
 + Level 0.6 Dodging
 + Level 4.0 Shields


You had 2 spell levels left.
You didn't know any spells.
Your spell library contained the following spells:

 Spells                   Type           Power      Damage    Failure   Level
 Foxfire                  Conj/Fire      0%         2x1d4     99%         1
 Fireball                 Conj/Fire      0%         3d3       100%        5
 Plasma Beam              Fire/Air       0%         2x1d11    100%        6
 Starburst                Conj/Fire      0%         6d3       100%        6


Dungeon Overview and Level Annotations

Branches:
Dungeon (3/15)

Altars:

Annotations:
D:2 Robin


Innate Abilities, Weirdness & Mutations

You have a pair of horns on your head.
You reflexively headbutt those who attack you in melee.


Message History

The goblin barely misses you. The goblin hits you with a +0 dagger.
The goblin barely misses you.
Unknown command.
You hit the goblin.
The goblin is heavily wounded.
The hobgoblin hits you but does no damage.
The goblin barely misses you.
The goblin hits you but does no damage. x2
Unknown command.
You closely miss the goblin. Your headbutt misses the goblin.
The goblin is heavily wounded.
The goblin no longer looks unusually strong.
The hobgoblin closely misses you. You furiously retaliate!
You headbutt the hobgoblin. You block the goblin's attack. x2
The goblin hits you but does no damage. The hobgoblin hits you.
The goblin hits you with a +0 dagger. The goblin hits you with a +0 club. x2
* * * LOW HITPOINT WARNING * * *
It was a potion of berserk rage.
A red film seems to cover your vision as you go berserk!
You feel yourself moving faster!
You feel mighty!
The hobgoblin no longer looks unusually strong.
You block the hobgoblin's attack. The goblin hits you but does no damage.
The goblin hits you with a +0 dagger.
* * * LOW HITPOINT WARNING * * *
The goblin completely misses you. You furiously retaliate!
You headbutt the goblin!
You kill the goblin!
You barely miss the goblin.
The goblin is severely wounded.
Robin roars a battlecry!
The goblins go into a battle-frenzy!
The hobgoblin hits you.
* * * LOW HITPOINT WARNING * * *
The goblin hits you with a +0 dagger.
* * * LOW HITPOINT WARNING * * *
The goblin barely misses you.
You barely miss Robin.
The goblin no longer looks unusually strong.
The hobgoblin barely misses you. The goblin hits you but does no damage.
The goblin hits you with a +0 club.
You die...

#....#.#######
#.............
#....#.#######
#....#.#
####..)##
##...####
#.....)#
###.##g##
#gg@g.#
####g.####
#.....#
##....# #....#
#....# #....#
##...# #...#


You could see Robin (fast), 2 hobgoblins and 2 goblins.

Vanquished Creatures
  4 endoplasms
  2 giant cockroaches
  9 goblins
  4 hobgoblins
  4 quokkas
  3 ball pythons (D:1)
  5 bats
  A frilled lizard (D:2)
  6 kobolds
  6 rats
44 creatures vanquished.

Notes
Turn   | Place    | Note
-------+----------+-------------------------------------------
     0 | D:1      | Peloso the Minotaur Fighter began the quest for the Orb.
     0 | D:1      | Reached XP level 1. HP: 19/19 MP: 0/0
   189 | D:1      | Reached XP level 2. HP: 27/27 MP: 1/1
   916 | D:2      | You fall into a shaft and drop 1 floor!
  1043 | D:2      | Reached XP level 3. HP: 31/33 MP: 2/2
  1212 | D:2      | Found a faded altar of an unknown god.
  1258 | D:2      | Noticed Robin
  1273 | D:2      | HP: 2/42 [hobgoblin[Robin] (5)]
  1274 | D:2      | Slain by a goblin

Illustrated notes

Levels and vault maps discovered:
D:1:      psy_arrival_radial01, layout_basic
D:2:      layout_rooms, chequers_ecumenical_altar_simple, uniq_robin
D:3:      layout_basic, minmay_misc_feat_chi, nrook_loot_triangle, uniq_sigmund,
          uniq_natasha, uniq_grinder

Skill      XL: |  1  2  3 |
---------------+----------+-----
Fighting       | 4 |  4.1
Armour         | 4 |  4.2
Shields        | 4 |  4.0
Long Blades    | 3 |  3.1
Dodging        | |  0.6

Action                     || total
---------------------------++-------
  Melee: Long sword        ||    91
         Headbutt          ||    12
    Use: Potion            ||     2
 Armour: Scale mail        ||    10
         Chain mail        ||    61
  Dodge: Dodged            ||    53
  Block: Buckler           ||    28
